 Dungeon Crawl Stone Soup version 0.27.0-1-g7a089689b8 (webtiles) character file.

Game seed: 7926786335450501914

46813 BOMJPIETVODKU the Thaumaturge (level 14, -3/108 HPs)
             Began as a Gnoll Earth Elementalist on Aug 5, 2021.
             Was the Champion of Cheibriados.
             Slain by a six-headed hydra (9 damage)
             ... on level 5 of the Lair of Beasts.
             The game lasted 01:15:02 (21817 turns).

BOMJPIETVODKU the Thaumaturge (GnEE)               Turns: 21817, Time: 01:15:05

Health: -3/108     AC: 14    Str: 25    XL:     14   Next: 39%
Magic:  18/28      EV: 21    Int: 34    God:    Cheibriados [******]
Gold:   1098       SH:  8    Dex: 28    Spells: 2/33 levels left

rFire    . . .     SeeInvis .   C - +9 mace of Classification {spect, rN++ Stlth+}
rCold    . . .     Faith    .   R - +0 buckler
rNeg     + + .     Spirit   .   B - +2 ring mail of the Spider Nest {Str+2 Slay+2}
rPois    +         Reflect  .   M - +2 helmet
rElec    .         Harm     .   v - +1 cloak
rCorr    .         Rampage  .   (no gloves)
Will     +....                  (no boots)
Stlth    ++++++....             G - amulet of the acrobat
HPRegen  0.28/turn              u - ring of poison resistance
MPRegen  0.21/turn              w - +4 ring of slaying

@: lethally poisoned (-3 -> -4), very slow
A: fangs 1, strong nose, distributed training
a: Renounce Religion, Bend Time, Temporal Distortion, Slouch, Step From Time


You were on level 5 of the Lair of Beasts.
You worshipped Cheibriados.
Cheibriados was exalted by your worship.
You visited 3 branches of the dungeon, and saw 18 of its levels.
You also visited: Volcano.

You collected 1169 gold pieces.
You spent 71 gold pieces at shops.

Inventory:

Hand Weapons
 y - the +7 hand axe "Weusinis" {flame, rElec Dex+2}
   (You found it on level 4 of the Dungeon)

   It burns those it strikes, dealing additional fire damage.
   Big, fiery blades are also staple armaments of hydra-hunters.
   Dex:       It affects your dexterity (+2).
   rElec:     It insulates you from electricity.
 C - the +9 mace of Classification (weapon) {spect, rN++ Stlth+}
   (You found it on level 4 of the Dungeon)

   When its wielder attacks, the weapon's spirit leaps out and strikes again.
   The spirit shares a part of any damage it takes with its wielder.
   rN:        It greatly protects you from negative energy.
   Stlth:     It makes you more stealthy.
Missiles
 r - 3 throwing nets
 x - 144 poisoned darts
 Z - 22 stones
Armour
 a - a +2 ring mail of cold resistance
 c - a +2 scale mail of fire resistance
 v - a +1 cloak (worn)
 B - the +2 ring mail of the Spider Nest (worn) {Str+2 Slay+2}
   (You found it on level 4 of the Dungeon)

   Str:       It affects your strength (+2).
   Slay:      It affects your accuracy & damage with ranged weapons and melee
   (+2).
 M - a +2 helmet (worn)
 R - a +0 buckler (worn)
Jewellery
 e - a ring of magical power
 p - a ring of resist corrosion
 u - a ring of poison resistance (left hand)
 w - a +4 ring of slaying (right hand)
 G - an amulet of the acrobat (around neck)
 Q - a +6 ring of intelligence
 X - the ring of Ruju Vuxt {Fly rF- rN+ Str+2 SInv}
   (You found it on level 1 of the Lair of Beasts)

   [ring of see invisible]

   Str:       It affects your strength (+2).
   rF:        It makes you vulnerable to fire.
   rN:        It protects you from negative energy.
   SInv:      It lets you see invisible.
   Fly:       It grants you flight.
Wands
 b - a wand of charming (7)
 n - a wand of polymorph (15)
 t - a wand of digging (9)
 z - a wand of paralysis (6)
 E - a wand of iceblast (9)
 F - a wand of acid (17)
 H - a wand of mindburst (48)
 K - a wand of flame (52)
Scrolls
 d - 5 scrolls of teleportation
 h - 2 scrolls of immolation
 i - a scroll of enchant weapon
 k - 4 scrolls of amnesia
 m - a scroll of fog
 s - 5 scrolls of magic mapping
 L - a scroll of brand weapon
 O - 3 scrolls of enchant armour
 P - 2 scrolls of blinking
 T - 3 scrolls of identify
Potions
 f - 4 potions of haste
 g - 9 potions of mutation
 j - 4 potions of lignification
 o - 4 potions of flight
 A - 4 potions of attraction
 D - 2 potions of magic
 I - 4 potions of degeneration
 W - 2 potions of brilliance
 Y - a potion of cancellation
Miscellaneous
 l - a lightning rod (4/4)
 J - a lightning rod (4/4)


   Skills:
 + Level 9.2 Fighting
 + Level 9.2 Short Blades
 + Level 9.2 Long Blades
 + Level 9.2 Axes
 + Level 9.2 Maces & Flails
 + Level 9.2 Polearms
 + Level 9.2 Staves
 + Level 9.2 Slings
 + Level 9.2 Bows
 + Level 9.2 Crossbows
 + Level 9.2 Throwing
 + Level 9.2 Armour
 + Level 10.2 Dodging
 + Level 10.1 Stealth
 + Level 9.2 Shields
 + Level 9.2 Unarmed Combat
 + Level 10.4 Spellcasting
 + Level 7.6 Conjurations
 + Level 7.6 Hexes
 + Level 7.6 Summonings
 + Level 7.6 Necromancy
 + Level 7.6 Translocations
 + Level 8.0 Transmutations
 + Level 7.6 Fire Magic
 + Level 7.6 Ice Magic
 + Level 7.6 Air Magic
 + Level 9.5 Earth Magic
 + Level 7.6 Poison Magic
 + Level 10.0 Invocations
 + Level 9.2 Evocations


You had 2 spell levels left.
You knew the following spells:

 Your Spells              Type           Power      Damage    Failure   Level
a - Bolt of Magma         Conj/Fire/Erth 32%        4d14      3%          5
b - Passwall              Tmut/Erth      55%        N/A       1%          2
c - Stone Arrow           Conj/Erth      100%       3d13      1%          3
d - Petrify               Tmut/Erth      67%        N/A       1%          4
e - Agony                 Necr           63%        N/A       4%          5
f - Olgreb's Toxic Radia  Pois           63%        N/A       1%          4
g - Hailstorm             Conj/Ice       63%        3d13      1%          4
h - Passage of Golubria   Tloc           N/A        N/A       1%          4

Your spell library contained the following spells:

 Spells                   Type           Power      Damage    Failure   Level
 Magic Dart               Conj           100%       1d8       1%          1
 Sandblast                Erth           100%       2d20      1%          1
 Shock                    Conj/Air       100%       1d9       1%          1
 Searing Ray              Conj           100%       3d7       1%          2
 Static Discharge         Conj/Air       63%        N/A       1%          2
 Dazzling Flash           Conj/Hex       100%       N/A       1%          3
 Mephitic Cloud           Conj/Pois/Air  63%        N/A       1%          3
 Tukima's Dance           Hex            63%        N/A       1%          3
 Airstrike                Air            31%        N/A       1%          4
 Fulminant Prism          Conj/Hex       31%        3d16      1%          4
 Ice Form                 Ice/Tmut       63%        N/A       1%          4
 Silence                  Hex/Air        31%        N/A       4%          5
 Yara's Violent Unravell  Hex/Tmut       31%        3d13      4%          5
 Simulacrum               Ice/Necr       31%        N/A       24%         6
 Haunt                    Necr/Summ      31%        N/A       78%         7
 Spellforged Servitor     Conj/Summ      31%        N/A       78%         7
 Lehudib's Crystal Spear  Conj/Erth      33%        10d8      100%        8
 Chain Lightning          Conj/Air       31%        3d42      100%        9


Dungeon Overview and Level Annotations

Branches:
Dungeon (11/15)            Temple (1/1) D:4            Lair (6/6) D:11
  Swamp (0/4) Lair:3       Spider (0/4) Lair:2          Orc (0/2) D:11
Volcano (visited)
  Slime: Lair:5-6

Altars:
Ashenzari
Cheibriados
Dithmenos
Elyvilon
Fedhas
Hepliaklqana
Kikubaaqudgha
Makhleb
Okawaru
Qazlal
Ru
Sif Muna
Trog
Uskayaw
Vehumet
Wu Jian
Xom
Zin
The Shining One
Beogh

Shops:
D:2 ?


Innate Abilities, Weirdness & Mutations

You have very sharp teeth.
Your uncanny sense of smell can sniff out nearby items.
Your experience applies equally to all skills.


Message History

The six-headed hydra bites your spectral +9 mace of Classification {spect, rN++ Stlth+}.
Your spectral weapon shares its damage with you!
The six-headed hydra bites your spectral +9 mace of Classification {spect, rN++ Stlth+} but does no damage.
The six-headed hydra barely misses your spectral +9 mace of Classification {spect, rN++ Stlth+}.
The six-headed hydra bites your spectral +9 mace of Classification {spect, rN++ Stlth+} but does no damage.
The six-headed hydra bites your spectral +9 mace of Classification {spect, rN++ Stlth+}!
Your spectral weapon shares its damage with you!
* * * LOW HITPOINT WARNING * * *
The six-headed hydra closely misses your spectral +9 mace of Classification {spect, rN++ Stlth+}.
You sock the water moccasin!
You kill the water moccasin!
Cheibriados thoroughly appreciates the change of pace.
You feel sick.
Casting: Petrify (mildly dangerous; 1% risk of failure)
Confirm with . or Enter, or press ? or * to list all spells.
Aiming: Petrify (mildly dangerous; 1% risk of failure)
Press: ? - help, Shift-Dir - straight line, f - six-headed hydra
Aim: a six-headed hydra (chance to affect: 47%)
The six-headed hydra resists with some effort.
You block the six-headed hydra's attack.
The six-headed hydra misses you.
The six-headed hydra completely misses you.
The six-headed hydra bites you!
* * * LOW HITPOINT WARNING * * *
The six-headed hydra barely misses you. The six-headed hydra bites you.
* * * LOW HITPOINT WARNING * * *
Okay, then.
As you read the scroll of fear, it crumbles to dust.
You assume a fearsome visage.
The six-headed hydra resists with almost no effort.
The plant is unaffected.
The fungus is unaffected. x2
The plant is unaffected. x2; The fungus is unaffected.
You feel sick.
You block the six-headed hydra's attack.
The six-headed hydra bites you!
* * * LOW HITPOINT WARNING * * *
The six-headed hydra completely misses you.
The six-headed hydra misses you.
The six-headed hydra bites you but does no damage.
The six-headed hydra bites you!
You die...

###............###...# ####....#
##.#.#.#.......†##...### ##..##
#...........#†>........# #..##
.#.#.#.#.P....†........# ##(.P##
........#.........#..### #......
.#.#.#.#.##...†.##...# ##.....
#.......###..#..##P..#######.....
##.#.#.#.#..#..†D....P##[#.......
#.......##......@.).P####........
##.#.#.#.#..P...#...####...#.P...
................#...##.........P#
.#.#.#.#...............#......###
.........P..##....#..........##
.#.#.#.#.#####..P#..........##
...........###...#......#....#
.#.#>#.#.P###.#.........##..##
#........## ###.........##.##


You could see a six-headed hydra.

Vanquished Creatures
  The ghost of FIQ the Nimble, a journeyman GnMo of Yredelemnul (Lair:4)
  Josephine (D:11)
  3 hydras
  3 death yaks (Lair:5)
  A two-headed ogre (D:11)
  2 skeletal warriors (D:9)
  A deep elf archer (Volcano)
  Pikel (D:5)
  8 deep elf pyromancers
  2 oklob plants (Lair:1)
  A will-o-the-wisp (Lair:3)
  A cyclops (D:11)
  4 black mambas
  Maggie (D:10)
  5 cane toads
  A rime drake (Lair:3)
  10 komodo dragons
  3 kobold demonologists (D:11)
  A polar bear (Lair:6)
  A jumping spider (shapeshifter) (D:9)
  A hornet (D:8)
  5 jumping spiders (Lair:2)
  13 blink frogs
  3 slime creatures (D:10)
  A meliai zombie (D:11)
  3 wyverns
  A vampire (D:10)
  4 redbacks (Lair:2)
  5 fire elementals (Volcano)
  A shadow (D:11)
  4 wraiths
  A basilisk (Lair:2)
  48 yaks
  3 steam dragons
  3 vampire mosquitoes
  2 death yak simulacra (Lair:4)
  A spectral cane toad (Lair:4)
  Edmund (D:4)
  13 water moccasins
  4 hell hounds (Volcano)
  A sky beast (D:5)
  A hornet zombie (D:6)
  3 necrophages
  12 orc warriors
  A black mamba simulacrum (Lair:4)
  8 centaurs
  2 boggarts (D:10)
  41 wolves
  2 lemures (D:5)
  4 kobold brigands
  12 bullfrogs
  2 gnoll sergeants
  9 scorpions
  A dream sheep simulacrum (Lair:4)
  4 wights (D:9)
  6 howler monkeys
  A bullfrog zombie (D:5)
  5 centaur zombies
  12 orc priests
  A centaur skeleton (D:6)
  4 hounds
  A gnoll shaman (D:10)
  Jessica (D:3)
  4 iguanas
  15 orc wizards
  A killer bee zombie (D:9)
  8 gnolls
  8 adders
  A shadow imp (D:5)
  3 white imps
  An ufetubus (D:5)
  3 worms
  2 dart slugs
  67 orcs
  2 ball pythons (D:2)
  2 endoplasms
  4 giant cockroaches
  3 goblins
  7 hobgoblins
  8 jackals
  17 kobolds
  4 bats
  3 frilled lizards (D:2)
  2 rats (D:3)
  A spectral hobgoblin (D:8)
  A bush (Lair:5)
469 creatures vanquished.

Vanquished Creatures (others)
  A boggart (D:10)
  10 foxfires (Lair:3)
  17 fungi
  22 plants
50 creatures vanquished.

Grand Total: 519 creatures vanquished

Notes
Turn   | Place    | Note
-------+----------+-------------------------------------------
     0 | D:1      | BOMJPIETVODKU the Gnoll Earth Elementalist began the quest
                  | for the Orb.
     0 | D:1      | Reached XP level 1. HP: 13/13 MP: 6/6
    40 | D:1      | Found a faded altar of an unknown god.
  1121 | D:2      | Reached XP level 2. HP: 19/19 MP: 5/7
  1218 | D:2      | Reached skill level 5 in Spellcasting
  1218 | D:2      | Reached skill level 1 in Invocations
  1218 | D:2      | Reached XP level 3. HP: 6/25 MP: 2/9
  1490 | D:2      | Reached skill level 1 in Fighting
  1490 | D:2      | Reached skill level 1 in Short Blades
  1490 | D:2      | Reached skill level 1 in Long Blades
  1490 | D:2      | Reached skill level 1 in Axes
  1490 | D:2      | Reached skill level 1 in Maces & Flails
  1490 | D:2      | Reached skill level 1 in Polearms
  1490 | D:2      | Reached skill level 1 in Staves
  1490 | D:2      | Reached skill level 1 in Slings
  1490 | D:2      | Reached skill level 1 in Bows
  1490 | D:2      | Reached skill level 1 in Crossbows
  1490 | D:2      | Reached skill level 1 in Throwing
  1490 | D:2      | Reached skill level 1 in Armour
  1490 | D:2      | Reached skill level 1 in Shields
  1490 | D:2      | Reached skill level 1 in Unarmed Combat
  1490 | D:2      | Reached skill level 1 in Evocations
  1533 | D:2      | Reached XP level 4. HP: 32/32 MP: 8/11
  1819 | D:2      | Reached skill level 1 in Conjurations
  1819 | D:2      | Reached skill level 1 in Hexes
  1819 | D:2      | Reached skill level 1 in Summonings
  1819 | D:2      | Reached skill level 1 in Necromancy
  1819 | D:2      | Reached skill level 1 in Translocations
  1819 | D:2      | Reached skill level 1 in Fire Magic
  1819 | D:2      | Reached skill level 1 in Ice Magic
  1819 | D:2      | Reached skill level 1 in Air Magic
  1819 | D:2      | Reached skill level 1 in Poison Magic
  1994 | D:2      | Found Afanud's Magic Scroll Shoppe.
  2011 | D:2      | Bought a scroll of identify for 26 gold pieces
  2011 | D:2      | Bought a scroll of fear for 45 gold pieces
  2307 | D:3      | Noticed Jessica
  2308 | D:3      | Killed Jessica
  2309 | D:3      | Reached XP level 5. HP: 37/37 MP: 10/12
  2669 | D:3      | Found a hide-covered altar of Uskayaw.
  2670 | D:3      | Found an ornate altar of the Wu Jian Council.
  2677 | D:3      | Found a white marble altar of Elyvilon.
  2678 | D:3      | Found a shimmering altar of Xom.
  2678 | D:3      | Found a shimmering blue altar of Sif Muna.
  2679 | D:3      | Found a glowing silver altar of Zin.
  3514 | D:4      | Noticed Edmund
  3520 | D:4      | Reached XP level 6. HP: 44/44 MP: 10/13
  3541 | D:4      | Killed Edmund
  3542 | D:4      | Reached skill level 5 in Dodging
  3687 | D:4      | Noticed a necrophage
  3698 | D:4      | Killed a necrophage
  3795 | D:4      | Reached XP level 7. HP: 44/50 MP: 8/15
  3931 | D:4      | Identified the +7 hand axe "Weusinis" {flame, rElec Dex+2}
  3938 | D:4      | Identified the +2 ring mail of the Spider Nest {Str+2
                  | Slay+2}
  4021 | D:4      | Found a staircase to the Ecumenical Temple.
  4031 | Temple   | Entered the Ecumenical Temple
  4143 | Temple   | Became a worshipper of Cheibriados the Contemplative
  4279 | D:4      | Identified the +9 mace of Classification {spect, rN++
                  | Stlth+}
  4481 | D:5      | Entered Level 5 of the Dungeon
  4487 | D:5      | Learned a level 2 spell: Passwall
  4565 | D:5      | Reached skill level 5 in Stealth
  4702 | D:5      | Reached * piety under Cheibriados
  4703 | D:5      | Reached XP level 8. HP: 53/57 MP: 16/16
  4898 | D:5      | Noticed Pikel
  4924 | D:5      | Killed Pikel
  5488 | D:5      | Learned a level 3 spell: Stone Arrow
  5930 | D:6      | Reached XP level 9. HP: 65/65 MP: 18/18
  6532 | D:6      | Learned a level 4 spell: Petrify
  6987 | D:7      | Found a stormy altar of Qazlal.
  7035 | D:7      | Reached ** piety under Cheibriados
  7960 | D:8      | Reached skill level 5 in Invocations
  8328 | D:8      | Reached *** piety under Cheibriados
  8810 | D:8      | Reached XP level 10. HP: 73/73 MP: 20/20
  9152 | D:8      | Reached skill level 5 in Fighting
  9152 | D:8      | Reached skill level 5 in Short Blades
  9152 | D:8      | Reached skill level 5 in Long Blades
  9152 | D:8      | Reached skill level 5 in Axes
  9152 | D:8      | Reached skill level 5 in Maces & Flails
  9152 | D:8      | Reached skill level 5 in Polearms
  9152 | D:8      | Reached skill level 5 in Staves
  9152 | D:8      | Reached skill level 5 in Slings
  9152 | D:8      | Reached skill level 5 in Bows
  9152 | D:8      | Reached skill level 5 in Crossbows
  9152 | D:8      | Reached skill level 5 in Throwing
  9152 | D:8      | Reached skill level 5 in Armour
  9152 | D:8      | Reached skill level 5 in Shields
  9152 | D:8      | Reached skill level 5 in Unarmed Combat
  9152 | D:8      | Reached skill level 5 in Evocations
  9319 | D:8      | Found a hazy altar of Hepliaklqana.
  9987 | D:9      | Noticed a skeletal warrior
  9989 | D:9      | Noticed a guardian serpent
  9989 | D:9      | a yak changed into a guardian serpent
  9995 | D:9      | a guardian serpent changed into a raiju
 10163 | D:9      | Reached **** piety under Cheibriados
 10164 | D:9      | Reached skill level 5 in Transmutations
 10302 | D:9      | Found a glowing golden altar of the Shining One.
 10373 | D:9      | Noticed a deep elf pyromancer
 10374 | D:9      | Noticed a skeletal warrior
 10382 | D:9      | Killed a deep elf pyromancer
 11033 | D:9      | Got the Tome of Wyrd
 11681 | D:9      | Noticed a guardian serpent
 11682 | D:9      | a guardian serpent changed into a wind drake
 11696 | D:9      | Reached XP level 11. HP: 81/81 MP: 12/22
 11829 | D:9      | Killed a skeletal warrior
 11837 | D:9      | Reached ***** piety under Cheibriados
 11847 | D:9      | Killed a skeletal warrior
 11848 | D:9      | Reached skill level 5 in Conjurations
 11848 | D:9      | Reached skill level 5 in Hexes
 11848 | D:9      | Reached skill level 5 in Summonings
 11848 | D:9      | Reached skill level 5 in Necromancy
 11848 | D:9      | Reached skill level 5 in Translocations
 11848 | D:9      | Reached skill level 5 in Fire Magic
 11848 | D:9      | Reached skill level 5 in Ice Magic
 11848 | D:9      | Reached skill level 5 in Air Magic
 11848 | D:9      | Reached skill level 5 in Poison Magic
 12424 | D:10     | Entered Level 10 of the Dungeon
 12424 | D:10     | Found an ancient bone altar of Kikubaaqudgha.
 12732 | D:10     | Learned a level 5 spell: Agony
 12737 | D:10     | Learned a level 4 spell: Olgreb's Toxic Radiance
 12836 | D:10     | Noticed Maggie
 12852 | D:10     | Killed Maggie
 13104 | D:10     | Identified the ring of Soidesch {AC+4 Str+4}
 13147 | D:10     | Found a radiant altar of Vehumet.
 13562 | D:11     | Found a staircase to the Lair.
 13632 | D:11     | Found a staircase to the Orcish Mines.
 13799 | D:11     | Noticed a two-headed ogre
 13807 | D:11     | Killed a two-headed ogre
 13880 | D:11     | Reached ****** piety under Cheibriados
 14193 | D:11     | Noticed a soul eater
 14197 | D:11     | Reached XP level 12. HP: 89/89 MP: 17/24
 15010 | D:11     | Noticed Josephine
 15023 | D:11     | Killed Josephine
 15181 | Lair:1   | Entered Level 1 of the Lair of Beasts
 15220 | Lair:1   | Noticed a five-headed hydra
 15239 | Lair:1   | Killed a five-headed hydra
 15675 | Lair:1   | Learned a level 4 spell: Hailstorm
 15760 | Lair:1   | Identified a scroll of acquirement
 15760 | Lair:1   | Acquired Great Wizards, Vol. VII
 15767 | Lair:1   | Learned a level 4 spell: Passage of Golubria
 15772 | Lair:1   | Identified the ring of Ruju Vuxt {Fly rF- rN+ Str+2 SInv}
 16454 | Lair:2   | Found a shadowy altar of Dithmenos.
 16790 | Lair:2   | Found a hole to the Spider Nest.
 16896 | Lair:2   | Reached XP level 13. HP: 42/98 MP: 18/26
 18583 | Lair:3   | Identified the +6 rapier of Ossei {venom, rC+ Dex+3}
 18604 | Lair:3   | Found a staircase to the Swamp.
 19209 | Lair:4   | Acquired Sif Muna's Disquisition on Creative Conjuration
 19224 | Lair:4   | Found a dark tunnel.
 19241 | Volcano  | Entered a volcano
 19749 | Lair:4   | Reached skill level 10 in Spellcasting
 19912 | Lair:4   | Found a runed translucent gate.
 19913 | Lair:4   | Found a runed translucent gate.
 19913 | Lair:4   | Found a runed translucent gate.
 19915 | Lair:4   | Noticed FIQ's ghost (journeyman GnMo)
 20217 | Lair:4   | Killed FIQ's ghost
 20664 | Lair:5   | Reached XP level 14. HP: 106/106 MP: 25/28
 20833 | Lair:5   | Reached skill level 10 in Dodging
 21649 | Lair:6   | Entered Level 6 of the Lair of Beasts
 21656 | Lair:6   | Reached skill level 10 in Stealth
 21789 | Lair:5   | Learned a level 5 spell: Bolt of Magma
 21808 | Lair:5   | Reached skill level 10 in Invocations
 21817 | Lair:5   | Slain by a six-headed hydra

Illustrated notes

Levels and vault maps discovered:
D:1:      dpeg_arrival_arbitrary_a, layout_basic,
          shapermc_ecumenical_altar_hornbeckon, minmay_misc_feat_pillars,
          minmay_misc_feat_square
D:2:      layout_basic, serial_shops, shop_scrolls, minmay_misc_feat_chi,
          nrook_mini_vaults, minmay_misc_feat_plants, hex_tiny
D:3:      layout_basic, minitemple, bh_walls_and_bars, uniq_jessica
D:4:      layout_basic, minmay_temple_entry_fiery, uniq_edmund
D:5:      layout_basic, kennysheep_generic_room_16, uniq_pikel
D:6:      layout_basic
D:7:      layout_loops_corners, mainiacjoe_overflow_boulevard
D:8:      layout_basic, nicolae_hepliaklqana_monster_ancestors
D:9:      layout_stronghold, mainiacjoe_overflow_cross_hatched,
          hangedman_abyss_or_decor_lesser_grid, minmay_the_grid_2x2
          [minmay_the_grid_rooms, minmay_the_grid_spin_star,
          minmay_the_grid_minigrid_small_alt,
          minmay_the_grid_prize_shrinking_boxes]
D:10:     layout_loops_ring, mainiacjoe_overflow_catch_the_wave, uniq_maggie
D:11:     layout_loops_cross, grunt_lair_entry_orc_guard_hut, hiddenorc2_lemuel,
          special_room [special_room_orc], uniq_josephine
Temple:   minmay_temple_curvy_loop
Lair:1:   layout_loops_ring, grunt_megastairs_1, minmay_lair_oklob_chamber
Lair:2:   layout_cave_pods, nicolae_spider_entry_tight_spaces, basic_altar
Lair:3:   layout_regular_city, minmay_swamp_entry_wisps,
          grunt_forest_large_clearings
Lair:4:   layout_hall_layers, nicolae_volcano_entry_two_sided,
          gammafunk_ghost_necromancy
Lair:5:   layout_loops_ring, st_stairs_12
Lair:6:   hangedman_lair_caniforms_friends, layout_loops_ring,
          dpeg_slime_entry_corner, minmay_stone_trees_small,
          hellmonk_guarded_unrand_seven_league_boots, grunt_megastairs_3,
          serial_bayou_shore_b, infiniplex_staircase_pool, lemuel_fruit_fields

Skill      XL: |  1  2  3  4  5  6  7  8  9 10 11 12 13 14 |
---------------+-------------------------------------------+-----
Transmutations | 2 3 4 5 6 7 8 |  8.0
Spellcasting   | 5 6 7 8 9 10 | 10.4
Invocations    | 1 2 3 4 5 6 7 8 9 10 | 10.0
Fighting       | 1 2 3 4 5 6 7 8 9 |  9.2
Short Blades   | 1 2 3 4 5 6 7 8 9 |  9.2
Long Blades    | 1 2 3 4 5 6 7 8 9 |  9.2
Axes           | 1 2 3 4 5 6 7 8 9 |  9.2
Maces & Flails | 1 2 3 4 5 6 7 8 9 |  9.2
Polearms       | 1 2 3 4 5 6 7 8 9 |  9.2
Staves         | 1 2 3 4 5 6 7 8 9 |  9.2
Slings         | 1 2 3 4 5 6 7 8 9 |  9.2
Bows           | 1 2 3 4 5 6 7 8 9 |  9.2
Crossbows      | 1 2 3 4 5 6 7 8 9 |  9.2
Throwing       | 1 2 3 4 5 6 7 8 9 |  9.2
Armour         | 1 2 3 4 5 6 7 8 9 |  9.2
Shields        | 1 2 3 4 5 6 7 8 9 |  9.2
Unarmed Combat | 1 2 3 4 5 6 7 8 9 |  9.2
Evocations     | 1 2 3 4 5 6 7 8 9 |  9.2
Conjurations   | 1 2 3 4 5 6 7 |  7.6
Hexes          | 1 2 3 4 5 6 7 |  7.6
Summonings     | 1 2 3 4 5 6 7 |  7.6
Necromancy     | 1 2 3 4 5 6 7 |  7.6
Translocations | 1 2 3 4 5 6 7 |  7.6
Fire Magic     | 1 2 3 4 5 6 7 |  7.6
Ice Magic      | 1 2 3 4 5 6 7 |  7.6
Air Magic      | 1 2 3 4 5 6 7 |  7.6
Poison Magic   | 1 2 3 4 5 6 7 |  7.6
Dodging        | 5 6 7 8 9 10 | 10.2
Stealth        | 5 6 7 8 9 10 | 10.1
Earth Magic    | 6 7 8 9 |  9.5

Action                   |  1- 3 |  4- 6 |  7- 9 | 10-12 | 13-15 || total
-------------------------+-------+-------+-------+-------+-------++-------
Melee: Whip              |     7 |    36 |     5 |       |       ||    48
       Unarmed           |     2 |       |       |       |       ||     2
       Bite              |     1 |     2 |    16 |    55 |    46 ||   120
       Mace              |       |       |   132 |   266 |   184 ||   582
       Hand axe          |       |       |     1 |       |       ||     1
       Punch             |       |       |     1 |    12 |       ||    13
Throw: Dart              |       |       |       |     9 |       ||     9
       Throwing net      |       |       |       |     1 |       ||     1
 Cast: Sandblast         |    20 |    74 |       |       |       ||    94
       Passwall          |       |       |     3 |     1 |       ||     4
       Stone Arrow       |       |       |    21 |    91 |    36 ||   148
       Olgreb's Toxic Ra |       |       |       |    13 |    44 ||    57
       Petrify           |       |       |       |     5 |     5 ||    10
       Hailstorm         |       |       |       |     2 |       ||     2
       Passage of Golubr |       |       |       |     1 |     1 ||     2
Invok: Bend Time         |       |       |       |     1 |     1 ||     2
Evoke: Wand              |       |       |       |     9 |     4 ||    13
       Lightning rod     |       |       |       |     4 |     4 ||     8
  Use: Potion            |     1 |       |     3 |    11 |     7 ||    22
       Scroll            |       |     1 |     8 |    18 |     6 ||    33
 Stab: Sleeping          |     1 |     5 |    17 |    14 |     6 ||    43
       Distracted        |       |       |     2 |     6 |     4 ||    12
       Petrified         |       |       |       |       |    10 ||    10
Armor: Robe              |     1 |     7 |     1 |       |       ||     9
       Ring mail         |       |       |    47 |   112 |    54 ||   213
Dodge: Dodged            |     9 |    59 |    96 |   366 |   266 ||   796
Block: Buckler           |       |       |       |    30 |   118 ||   148
